 Dungeon Crawl Stone Soup version 0.16.1-11-g651b585 (webtiles) character file.

2242 karlm the Basher (level 9, -1/94 HPs)
             Began as an Ogre Berserker on Apr 5, 2015.
             Was an Elder of Trog.
             Slain by a black bear (3 damage)
             ... on level 7 of the Dungeon.
             The game lasted 00:17:22 (7857 turns).

karlm the Basher (Ogre Berserker)                   Turns: 7857, Time: 00:17:23

Health: -1/94      AC:  3    Str: 24    XL:     9   Next: 37%
Magic:  17/17      EV:  7    Int: 11    God:    Trog [****..]
Gold:   353        SH: 14    Dex:  9    Spells: 0 memorised, 8 levels left

rFire  . . .     SeeInvis .     a - +2 mace
rCold  + + .     Clarity  .     A - +0 robe of the Undertaker {Contam rC++ rN+ MP+9 Int+5}
rNeg   + . .     SustAb   .     i - +0 large shield
rPois  +         Gourm    .     (helmet restricted)
rElec  .         Spirit   .     (no cloak)
rCorr  .         Warding  .     (gloves unavailable)
rMut   .         Stasis   .     (boots unavailable)
MR     .....                    (no amulet)
Stlth  +.........               q - ring of poison resistance
                                t - -3 ring of dexterity (curse)

@: exhausted, slowed, very slow, not resistant to hostile enchantments, very
unstealthy
A: unfitting armour, low mp 1, poison resistance, tough skin 1, wild magic 1
a: Burn Spellbooks, Berserk, Trog's Hand, Brothers in Arms, Renounce Religion


You were on level 7 of the Dungeon.
You worshipped Trog.
Trog was greatly pleased with you.
You were hungry.

You visited 2 branches of the dungeon, and saw 8 of its levels.

You collected 353 gold pieces.

Inventory:

Hand weapons
 a - a +2 mace (weapon)
 E - a +0 giant spiked club
 O - a +0 blowgun
Missiles
 f - 225 stones (quivered)
 n - 4 curare-tipped needles
 x - 39 poisoned needles
 L - 4 javelins of penetration
Armour
 b - a +0 animal skin
 i - a +0 large shield (worn)
 A - the +0 robe of the Undertaker (worn) {Contam rC++ rN+ MP+9 Int+5}
   (You found it on level 4 of the Dungeon)

   It affects your intelligence (+5).
   It greatly protects you from cold.
   It protects you from negative energy.
   It affects your magic capacity (+9).
   It causes magical contamination when unequipped.
Jewellery
 d - an uncursed ring of stealth
 q - a ring of poison resistance (right hand)
 r - an uncursed ring of fire
 t - a cursed -3 ring of dexterity (left hand)
 w - a cursed -3 ring of intelligence {unknown}
 C - an uncursed ring of protection from cold {unknown}
 D - a cursed +3 ring of dexterity
Magical devices
 I - a wand of flame (7)
 P - a wand of slowing (27)
Scrolls
 e - a scroll of enchant weapon
 y - a scroll of enchant armour
 z - 2 scrolls of fear
Potions
 m - a potion of degeneration
 p - a potion of ambrosia
 v - a potion of agility
 B - 2 potions of brilliance
 F - a potion of berserk rage {unknown}
 G - a potion of resistance {unknown}
 J - a potion of might {unknown}
 M - a potion of lignification {unknown}
 N - a potion of flight
Books
 l - a book of Frost

   Spells                             Type                      Level
   a - Freeze                         Ice                          1
   b - Throw Frost                    Conjuration/Ice              2
   c - Ozocubu's Armour               Charms/Ice                   3
   d - Throw Icicle                   Conjuration/Ice              4
   e - Summon Ice Beast               Ice/Summoning                4
   f - Condensation Shield            Ice                          4
   Trog disapproves of the use of such an item.
Comestibles
 c - 6 meat rations
 o - 5 bread rations
 u - a chunk of flesh
 H - 2 fruits
 K - a royal jelly


   Skills:
 + Level 7.7 Fighting
 * Level 10.0 Maces & Flails
 + Level 4.4 Armour
 + Level 4.6 Dodging
 - Level 1.2 Stealth
 + Level 4.0 Shields


You had 8 spell levels left.
You didn't know any spells.

Dungeon Overview and Level Annotations

Branches:
Dungeon (7/15)             Temple (1/1) D:4

Altars:
Ashenzari
Cheibriados
Dithmenos
Elyvilon
Fedhas
Kikubaaqudgha
Nemelex Xobeh
Okawaru
Qazlal
Ru
Sif Muna
Trog
Vehumet
Xom
Yredelemnul
Zin
Lugonu

Annotations:
D:7 Eustachio, Ijyb, Joseph


Innate Abilities, Weirdness & Mutations

You are too large for most types of armour.
You have tough skin (AC +1).
Your magical capacity is low (-10% MP).
Your system is resistant to poisons.
Your spells are a little harder to cast, but a little more powerful.


Message History

Found a glowing war axe.
The black bear bites you.
* * * LOW HITPOINT WARNING * * *
The black bear claws you.
* * * LOW HITPOINT WARNING * * *
You block the black bear's attack.
Eustachio casts a spell.
You block the black bear's attack. The black bear claws you.
* * * LOW HITPOINT WARNING * * *
The black bear completely misses you.
Drink which item? (? for menu, Esc to quit)
Okay, then.
Read which item? (? for menu, Esc to quit)
Okay, then.
Drink which item? (? for menu, Esc to quit)
It was a potion of restore abilities.
You feel your intelligence returning. You block Ijyb's attack.
The orc priest glows brightly for a moment.
The black bear bites you.
You die...

#) ......... #.
#.r....... ##..
#......... #...
##@........
#...##......##..
#....#..r..##
..##...........#
#...o...gh###...#
..####...@.# #...
##....# #..
#...... #..>$....
#.........#
#.........
#.##..... #. ###.


You could see Eustachio, Ijyb, a black bear, an orc priest, a quokka and a rat.

Vanquished Creatures
  Edmund (D:6)
  A water moccasin (D:6)
  2 ice beasts
  5 sky beasts
  An ogre (D:5)
  2 centaurs (D:5)
  Sigmund (D:2)
  Duvessa (D:6)
  Blork the orc (D:6)
  A scorpion (D:6)
  2 hounds
  4 wights (D:6)
  2 goliath beetles (D:6)
  Dowan (D:6)
  A crimson imp (D:6)
  4 orc priests
  4 worker ants
  A giant frog skeleton (D:6)
  An iguana (D:5)
  2 orc wizards
  Natasha (twice) (D:3)
  A killer bee zombie (D:6)
  Jessica (D:3)
  2 hound zombies
  2 worker ant zombies (D:5)
  8 adders
  2 shadow imps (D:6)
  2 giant mites
  3 worms
  An adder skeleton (D:4)
  An ooze (D:1)
  20 orcs
  7 giant cockroaches
  15 hobgoblins
  13 jackals
  2 quokkas
  2 ball pythons
  9 bats
  2 giant geckos
  4 giant newts
  11 goblins
  A jackal skeleton (D:4)
  8 kobolds
  2 orc zombies (D:6)
  2 quokka zombies
  8 rats
  A rat zombie (D:6)
170 creatures vanquished.

Notes
Turn   | Place    | Note
--------------------------------------------------------------
     0 | D:1      | karlm, the Ogre Berserker, began the quest for the Orb.
     0 | D:1      | Reached XP level 1. HP: 24/24 MP: 1/1
   162 | D:1      | Reached XP level 2. HP: 13/32 MP: 2/2
   318 | D:1      | Reached skill level 1 in Stealth
   818 | D:2      | Found a shadowy altar of Dithmenos.
   819 | D:2      | Found a stormy altar of Qazlal.
   821 | D:2      | Found a shimmering altar of Xom.
   821 | D:2      | Found a shattered altar of Ashenzari.
   821 | D:2      | Found a white marble altar of Elyvilon.
   881 | D:2      | Reached XP level 3. HP: 40/40 MP: 3/3
  1009 | D:2      | Found a sacrificial altar of Ru.
  1309 | D:2      | Acquired Trog's second power
  1322 | D:2      | Noticed Sigmund
  1333 | D:2      | Killed Sigmund
  1333 | D:2      | Reached skill level 5 in Maces & Flails
  1333 | D:2      | Reached XP level 4. HP: 49/49 MP: 4/4
  1333 | D:2      | Reached XP level 5. HP: 55/55 MP: 5/5
  1596 | D:2      | Found an iron altar of Okawaru.
  1730 | D:3      | Found a basalt altar of Yredelemnul.
  1777 | D:3      | Reached skill level 5 in Fighting
  2286 | D:2      | HP: 3/85 [orc/mace (6)]
  2760 | D:3      | Reached XP level 6. HP: 63/66 MP: 6/6
  2791 | D:3      | Found a deep blue altar of Sif Muna.
  2813 | D:3      | Reached skill level 1 in Shields
  3046 | D:3      | Noticed Jessica
  3051 | D:3      | Killed Jessica
  3051 | D:3      | Reached skill level 6 in Maces & Flails
  3186 | D:3      | Noticed Natasha
  3201 | D:3      | Killed Natasha
  3450 | D:3      | Noticed Natasha
  3467 | D:3      | Killed Natasha
  3776 | D:4      | Found a staircase to the Ecumenical Temple.
  3881 | Temple   | Entered the Ecumenical Temple
  4059 | D:4      | Got a bloodstained robe
  4070 | D:4      | Identified the cursed +0 robe of the Undertaker {Contam rC++ rN+ MP+9 Int+5} (You found it on level 4 of the Dungeon)
  4452 | D:5      | Entered Level 5 of the Dungeon
  4456 | D:5      | Reached XP level 7. HP: 74/74 MP: 7/7
  4666 | D:4      | Reached skill level 7 in Maces & Flails
  5394 | D:5      | Reached XP level 8. HP: 65/84 MP: 8/8
  5395 | D:5      | Reached skill level 8 in Maces & Flails
  5596 | D:5      | Found a blossoming altar of Fedhas.
  6436 | D:6      | Acquired Trog's third power
  6562 | D:6      | Reached skill level 9 in Maces & Flails
  6565 | D:6      | Noticed Blork the orc
  6834 | D:6      | Killed Blork the orc
  6913 | D:6      | Noticed Duvessa
  6914 | D:6      | Reached XP level 9. HP: 93/93 MP: 9/9
  6931 | D:6      | Noticed Edmund
  6933 | D:6      | Noticed Dowan
  7181 | D:6      | Killed Dowan
  7315 | D:6      | Killed Edmund
  7319 | D:6      | Killed Duvessa
  7765 | D:7      | Reached skill level 10 in Maces & Flails
  7812 | D:7      | Noticed Joseph
  7823 | D:7      | Gained mutation: Your system is resistant to poisons. [potion of mutation]
  7823 | D:7      | Gained mutation: Your spells are a little harder to cast, but a little more powerful. [potion of mutation]
  7823 | D:7      | Gained mutation: Your magical capacity is low (-10% MP). [potion of mutation]
  7850 | D:7      | Noticed Eustachio
  7851 | D:7      | Noticed Ijyb
  7856 | D:7      | HP: 3/94 [black bear (3)]
  7857 | D:7      | Slain by a black bear

Action                   |  1- 3 |  4- 6 |  7- 9 || total
-------------------------+-------+-------+-------++-------
Melee: Mace              |   102 |   266 |   330 ||   698
Invok: Berserk           |     2 |     3 |    17 ||    22
  Use: Scroll            |       |     5 |     5 ||    10
       Potion            |       |       |    10 ||    10
 Stab: Sleeping          |     4 |     5 |       ||     9
  Eat: Chunk             |     2 |    14 |    29 ||    45
